 Dungeon Crawl Stone Soup version 0.19.3-1-g3169bf9 (console) character file.

483 Grinner the Bludgeoner (level 7, -3/66 HPs)
             Began as an Ogre Gladiator on Jan 26, 2017.
             Was an Initiate of Okawaru.
             Slain by a killer bee zombie (4 damage)
             ... on level 5 of the Dungeon.
             The game lasted 00:08:22 (3134 turns).

Grinner the Bludgeoner (Ogre Gladiator)             Turns: 3134, Time: 00:08:25

Health: -3/66      AC:  4    Str: 23    XL:     7   Next: 12%
Magic:  7/7        EV:  9    Int:  7    God:    Okawaru [......]
Gold:   6          SH:  0    Dex: 14    Spells: 0 memorised, 6 levels left

rFire  + . .     SeeInvis .     a - +2 whip (venom)
rCold  . . .     Gourm    .     t - +1 robe "Tusuoz Utti" {rF+ Dex+4}
rNeg   . . .     Faith    .     (no shield)
rPois  .         Spirit   .     c - +0 hat
rElec  .         Reflect  .     (no cloak)
rCorr  .         Harm     .     (gloves unavailable)
MR     .....                    (boots unavailable)
Stlth  +.........               (no amulet)
                                (no ring)
                                (no ring)

@: lethally poisoned (-3 -> -7), hasted, heavily drained, very quick
A: unfitting armour, tough skin 1
a: Renounce Religion


You were on level 5 of the Dungeon.
You worshipped Okawaru.
Okawaru was noncommittal.
You were not hungry.

You visited 2 branches of the dungeon, and saw 6 of its levels.

You collected 142 gold pieces.
You spent 136 gold pieces at shops.

Inventory:

Hand Weapons
 a - a +2 whip of venom (weapon)
 q - a +0 flail
Missiles
 d - 3 throwing nets
 h - 10 tomahawks
 o - 2 large rocks (quivered)
Armour
 c - a +0 hat (worn)
 t - the +1 robe "Tusuoz Utti" (worn) {rF+ Dex+4}
   (You bought it in a shop on level 4 of the Dungeon)

   It affects your dexterity (+4).
   It protects you from fire.
Wands
 r - a wand of slowing (33/48)
 u - a wand of polymorph (7/24)
Scrolls
 e - a scroll of recharging {unknown}
 j - a scroll of teleportation
 k - 2 scrolls of enchant weapon {unknown}
 m - 2 scrolls of remove curse
 s - 2 scrolls of identify {unknown}
Potions
 g - a potion of resistance
 n - a potion of ambrosia {unknown}
 p - a potion of lignification {unknown}
Comestibles
 b - 2 chunks of flesh
 f - 3 bread rations
 l - 7 fruits


   Skills:
 - Level 2.6(0.0) Fighting
 * Level 15.4(11.6) Maces & Flails
 - Level 2.0(0.0) Throwing
 + Level 3.7(0.9) Dodging


You had 6 spell levels left.
You didn't know any spells.

Dungeon Overview and Level Annotations

Branches:
Dungeon (5/15)             Temple (1/1) D:4

Altars:
Ashenzari
Cheibriados
Dithmenos
Gozag
Hepliaklqana
Kikubaaqudgha
Makhleb
Okawaru
Qazlal
Ru
Uskayaw
Zin
The Shining One

Shops:
D:4 [

Annotations:
D:3 Jessica; rozman's ghost, novice MiMo


Innate Abilities, Weirdness & Mutations

You are too large for most types of armour.
You have tough skin. (AC +1)


Message History

The centaur hits you. The killer bee zombie hits you.
You barely miss the centaur.
The centaur is almost dead.
You kill the centaur!
Okawaru accepts your kill.
You have reached level 7!
The worker ant closely misses you. The killer bee zombie hits you.
You barely miss the worker ant. The killer bee zombie hits you.
* * * LOW HITPOINT WARNING * * *
The worker ant bites you.
* * * LOW HITPOINT WARNING * * *
You are poisoned.
The worker ant poisons you!
It was a potion of haste.
You feel yourself speed up.
You feel sick. The killer bee zombie hits you.
* * * LOW HITPOINT WARNING * * *
The worker ant bites you.
* * * LOW HITPOINT WARNING * * *
The killer bee zombie hits you.
You die...

# #. ###.#####
#.......#
#.......#
#..%.Z..#
#....)@<#
#....a.......[.
#######.....##.
#####.... ##.


You could see a worker ant and a killer bee zombie.

Vanquished Creatures
  A centaur (D:5)
  A scorpion (D:4)
  2 orc priests (D:3)
  2 orc wizards
  2 worker ants (D:4)
  7 adders
  2 worms
  A leopard gecko (D:2)
  7 orcs
  A ball python (D:3)
  5 bats
  A giant cockroach (D:4)
  6 goblins
  4 hobgoblins
  3 jackals (D:4)
  3 kobolds (D:1)
  3 frilled lizards
  4 rats
55 creatures vanquished.

Vanquished Creatures (others)
  An orc wizard (D:3)
1 creature vanquished.

Grand Total: 56 creatures vanquished

Notes
Turn   | Place    | Note
-------+----------+-------------------------------------------
     0 | D:1      | Grinner the Ogre Gladiator began the quest for the Orb.
     0 | D:1      | Reached XP level 1. HP: 22/22 MP: 1/1
   146 | D:1      | Reached XP level 2. HP: 26/29 MP: 2/2
   932 | D:2      | Reached skill level 5 in Maces & Flails
   932 | D:2      | Reached XP level 3. HP: 36/36 MP: 3/3
  1090 | D:2      | Found a hide-covered altar of Uskayaw.
  1275 | D:3      | Reached XP level 4. HP: 42/44 MP: 4/4
  1280 | D:3      | Noticed Jessica
  1536 | D:3      | Reached skill level 15 in Maces & Flails
  1536 | D:3      | Reached XP level 5. HP: 12/50 MP: 5/5
  1688 | D:3      | Noticed rozman's ghost (novice MiMo)
  1897 | D:3      | Reached XP level 6. HP: 54/59 MP: 6/6
  2021 | D:4      | Found a staircase to the Ecumenical Temple.
  2030 | Temple   | Entered the Ecumenical Temple
  2359 | Temple   | Became a worshipper of Warmaster Okawaru
  2674 | D:4      | Found Zayjucho's Antique Armour Shop.
  2678 | D:4      | Bought a wizard robe for 136 gold pieces
  2688 | D:4      | Identified the cursed +1 robe "Tusuoz Utti" {rF+ Dex+4} (You bought it in a shop on level 4 of the Dungeon)
  3125 | D:5      | Entered Level 5 of the Dungeon
  3132 | D:5      | Reached XP level 7. HP: 22/66 MP: 7/7
  3134 | D:5      | HP: 1/66 [worker ant (6)]
  3134 | D:5      | Slain by a killer bee zombie

Skill      XL: |  1  2  3  4 |
---------------+-------------+-----
Dodging        | 3 |  3.7
Maces & Flails | 5 15 | 15.4
Fighting       | |  2.6
Throwing       | |  2.0

Action                   |  1- 3 |  4- 6 |  7- 9 || total
-------------------------+-------+-------+-------++-------
Melee: Flail             |    68 |    25 |       ||    93
       Whip              |       |    87 |     1 ||    88
Throw: Large rock        |     3 |     1 |       ||     4
  Use: Potion            |       |     4 |     1 ||     5
       Scroll            |       |     2 |       ||     2
  Eat: Chunk             |     1 |     4 |       ||     5
       Royal jelly       |       |     1 |       ||     1
Armor: Robe              |    20 |    13 |       ||    33
Dodge: Dodged            |    38 |    37 |     1 ||    76
